 BcadrenCrawl: Boulder Brew version 0.03.2.1-57-gb351b3c6d7 (webtiles) character file.

Game seed: 3384250528240864081, levelgen mode: deterministic

13708 esc the Grappler (level 11, -4/101 HPs) Cyan Draconian Demonspawn. Began on Feb 4, 2021. Killed from afar by an orc sorcerer (25 damage) ... with a bolt of fire ... while paralysed ... on level 2 of the Orcish Mines. The game lasted 00:21:34 (7303 turns).

esc the Grappler (Cyan Draconian Demonspawn)        Turns: 7303, Time: 00:21:35

Health: -4/101     AC: 25    Str: 16    XL:     11 ^: 2265
Magic:  13/13      EV:  2    Int: 16    God:
Gold:   987        SH:  0    Dex: 11    Spells: 11/12 levels left

rFire    . . .     Vision   .     - Unarmed
rCold    . . .     Gourm    .     - Unarmed
rNeg     + + +     Faith    .   (armour unavailable)
rPois    ∞         Spirit   .   (helmet restricted)
rElec    .         Reflect  .   (no cloak)
rCorr    +         Harm     +   (no gloves)
MR       .....                  (no boots)
Stlth    ++........             p - amulet of harm
HPRegen  0.43/turn              l - ring of slaying
MPRegen  0.23/turn              d - ring of resist corrosion

@: petrified, weakened
A: no body armour, unfitting armour, horns 2, demonic guardian 2, cold-blooded,
rot immunity, boosted slings aptitude, translocations enhancer 1, rCloud, rAir,
AC +8
a: Breathe Blast of Wind


You were on level 2 of the Orcish Mines.
You were not hungry.

You visited 3 branches of the dungeon, and saw 10 of its levels.

You collected 987 gold pieces.

Inventory:

Jewellery
 d - a ring of resist corrosion (right hand)
 l - a ring of slaying (left hand)
 p - an amulet of harm (around neck)
 w - an uncursed ring of intelligence
 x - an uncursed ring of intelligence
Wands
 m - a wand of flame (14)
 n - a wand of ensnaring (12)
 q - a wand of hasting (3)
 r - a wand of random effects (1)
 t - a wand of polymorph (13)
Scrolls
 g - 6 scrolls of teleportation
 h - 8 scrolls of enchantment
 j - 3 scrolls of fear
 o - a scroll of summoning
 v - a scroll of blinking
Potions
 a - a potion of brilliance
 c - 2 potions of invisibility
 e - 3 potions of magic
 f - 4 potions of curing
 i - 5 potions of might
 k - 6 potions of heal wounds
 s - a potion of resistance
Comestibles
 b - 11 rations
 u - 19 chunks of flesh


   Skills:
 + Level 10.3 Fighting
 + Level 7.7 Dodging
 - Level 1.3 Stealth
 * Level 11.7 Unarmed Combat
 - Level 1.3 Spellcasting
 - Level 1.5 Fire Magic
   Level 3.0 Invocations


You had 11 spell levels left.
You knew the following spells:

 Your Spells              Type           Power        Failure   Level  Hunger
a - Flame Tongue          Fire           6 (30)       12%         1    ##.....

Your spell library contained the following spells:

 Spells                   Type           Power        Failure   Level  Hunger
 Blink                    Tloc           N/A          32%         2    ###....
 Call Imp                 Summ           1 (100)      32%         2    ###....
 Slow                     Hex            1 (100)      32%         2    ###....
 Conjure Flame            Fire           6 (100)      34%         3    ####...
 Mephitic Cloud           Pois/Air       1 (100)      54%         3    ####...
 Cause Fear               Hex            1 (200)      91%         4    #####..
 Bolt of Magma            Fire/Erth      3 (200)      99%         5    ######.
 Iskenderun's Battlesphe  Chrm/Erth      1 (100)      99%         5    ######.
 Silence                  Hex/Air        1 (200)      99%         5    ######.
 Yara's Violent Unravell  Hex/Tmut       1 (200)      99%         5    ######.
 Deflect Missiles         Chrm/Air       1 (200)      100%        6    #######
 Iron Shot                Erth           1 (200)      100%        6    #######
 Iskenderun's Icy Sphere  Ice            1 (200)      100%        7    #######
 Spellforged Servitor     Summ           1 (200)      100%        7    #######
 Discord                  Hex            1 (200)      100%        8    #######


Dungeon Overview and Level Annotations

Branches:
Dungeon (7/8)              Temple (1/1) D:4            Lair (0/6) D:5
    Orc (2/2) D:6             Elf (0/3) Orc:2
 Vaults: D:7

Altars:
Ashenzari
Cheibriados
Dithmenos
Elyvilon
Fedhas Madash
Gozag Ym Sagoz
Hepliaklqana
Makhleb
Nemelex Xobeh
Okawaru
Qazlal
Ru
Sif Muna
Trog
Uskayaw
Wu Jian
Xom
Yredelemnul
Zin
The Shining One

Shops:
D:2 =   D:5 (

Portals:
Trove: D:6 (give horn of Geryon)


Innate Abilities, Weirdness & Mutations

You cannot fit into any form of body armour.
Your empereal azure scales are hard. (AC +8)
You can breathe strong gales of wind.
You have a pair of horns on your head.
A demonic guardian rushes to your aid.
You are cold-blooded and may be slowed by cold attacks.
You are immune to rotting.
You are naturally skilled at Slings (Aptitude +3).
You are in touch with the powers of translocation.
Your empereal azure scales grant you immunity to the effects of clouds and air. (rCloud, rAir)


Message History

The orc sorcerer casts a spell.
The orc warrior closely misses you (0).
You punch the orc warrior (11)!
You hit the orc warrior but do no damage.
The orc warrior is heavily wounded. (17/31) HP You hit the orc warrior (6).
You punch the orc warrior (11)!
You kill the orc warrior!
Your ice devil hits the orc sorcerer (2).
Your ice devil freezes the orc sorcerer (14)!
The orc sorcerer seems to slow down.
The orc high priest mumbles some strange prayers to Beogh against you.
Beogh smites you!
* * * LOW HITPOINT WARNING * * *
The orc sorcerer gestures at you while chanting.
You are slowing down.
Your limbs are stiffening.
You have turned to stone.
The orc sorcerer points at you and mumbles some strange words.
The bolt of fire hits you (21)!!
You die...

....#### ..<....## ........#
........### ### #####
).........# ##.####...###
).........# #...##......##
)..[......######..##.)o.o)..#
..[..........#..3.#o.4)##.3o..#
#.[...........>.@##.4.## #oo..#
#.........#...=..4....# ooo..#
÷........###.)#÷.o)..## .oo.÷
........## #..".)....# 3o...
......### ##.)......# o...
...#...# #........# o...
......## ##.#.....# .....##
#[..#....# ....## #...######


You could see a rust devil, an orc sorcerer and a friendly sixfirhy.

Vanquished Creatures
  Fannar (D:6)
  Urug (D:6)
  An orc high priest (Orc:2)
  2 orc knights (Orc:2)
  An ugly thing (D:6)
  An elephant (D:5)
  A queen bee (D:4)
  A polar bear (D:5)
  A hippogriff (D:6)
  A wyvern (D:5)
  2 cyclopes (D:6)
  A basilisk (D:5)
  2 slime creatures
  3 yaks
  6 wargs
  7 orc warriors
  A water moccasin (D:2)
  3 scorpions
  A porcupine (D:5)
  2 necrophages (D:4)
  3 ice beasts
  A sky beast (D:6)
  A black bear (D:4)
  9 ogres
  Blork the orc (D:3)
  4 big kobolds
  5 bullfrogs
  A gnoll sergeant (D:5)
  A howler monkey (D:5)
  A centaur (D:5)
  22 killer bees
  2 quasits
  5 wights
  A crimson imp (D:3)
  5 orc priests
  3 hounds (D:5)
  3 jellies
  14 orc wizards
  A water moccasin zombie (D:5)
  3 worker ants
  2 iguanas (D:4)
  2 wyvern skeletons
  7 giant cockroaches
  A bullfrog zombie (D:4)
  5 gnolls (D:5)
  A shadow imp (D:4)
  6 adders
  26 sewer rats (D:2)
  A white imp (D:4)
  2 cinder newts
  2 worms (D:2)
  A hound zombie (D:5)
  3 oozes
  5 dart slugs
  5 leopard geckos
  39 orcs
  6 bats (D:1)
  6 goblins (D:1)
  7 hobgoblins (D:1)
  3 jackals
  21 kobolds
  A quokka (D:4)
  3 ball pythons
  A bat skeleton (D:2)
  2 leopard gecko zombies (D:4)
  A quokka zombie (D:4)
  5 rats
  A plant (D:1)
  2 withered plants (D:2)
292 creatures vanquished.

Vanquished Creatures (collateral kills)
  Nergalle (D:5)
  A two-headed ogre (D:6)
  An orc knight (Orc:2)
  A troll (Orc:2)
  A polar bear (D:5)
  A basilisk (D:5)
  A hungry ghost (D:5)
  A phantom (D:5)
  5 orc warriors (Orc:2)
  A scorpion (D:6)
  An ogre (Orc:2)
  A big kobold (D:2)
  An orc priest (Orc:2)
  An iguana (D:3)
  A sewer rat (D:2)
  2 orcs (Orc:2)
  3 kobolds
  A butterfly (D:5)
  A withered plant (D:2)
26 creatures vanquished.

Vanquished Creatures (others)
  7 bushes (D:4)
  A giant blowfly (Orc:2)
  9 plants (D:4)
  82 withered plants (D:2)
99 creatures vanquished.

Grand Total: 417 creatures vanquished

Notes
Turn   | Place    | Note
-------+----------+-------------------------------------------
     0 | D:1      | esc the Immature Draconian Demonspawn began the quest for
                  | the Orb.
     0 | D:1      | Reached XP level 1. HP: 16/16 MP: 3/3
    28 | D:1      | Reached skill level 2 in Unarmed Combat
    51 | D:1      | Gained mutation: You have a pair of small horns on your
                  | head. [demonic ancestry]
    51 | D:1      | Reached XP level 2. HP: 21/23 MP: 2/4
   161 | D:1      | Reached skill level 3 in Unarmed Combat
   161 | D:1      | Reached XP level 3. HP: 28/28 MP: 5/5
   506 | D:1      | Reached XP level 4. HP: 35/35 MP: 6/6
   727 | D:2      | Noticed a big kobold
   733 | D:2      | Killed a big kobold
   733 | D:2      | Reached skill level 4 in Unarmed Combat
   733 | D:2      | Reached XP level 5. HP: 41/41 MP: 7/7
   869 | D:2      | Gained mutation: You are immune to rotting. [demonic
                  | ancestry]
   869 | D:2      | Reached XP level 6. HP: 11/50 MP: 8/8
  1296 | D:2      | Reached skill level 5 in Unarmed Combat
  1385 | D:2      | Found a sparkling altar of Nemelex Xobeh.
  1458 | D:2      | Found Qeedoczeuvo's Jewellery Emporium.
  1510 | D:2      | Your scales start taking on an empereal azure colour.
  1510 | D:2      | Reached XP level 7. HP: 45/57 MP: 9/9
  1510 | D:2      | Gained mutation: A weak demonic guardian rushes to your
                  | aid. [demonic ancestry]
  1510 | D:2      | Gained mutation: Your empereal azure scales grant you
                  | immunity to the effects of clouds and air. (rCloud, rAir)
                  | [Cyan Draconian growth]
  1510 | D:2      | Gained mutation: You are in touch with the powers of
                  | translocation. [Cyan Draconian growth]
  1670 | D:2      | Found a faded altar of an unknown god.
  2300 | D:2      | Reached skill level 6 in Unarmed Combat
  2318 | D:2      | Found a white marble altar of Elyvilon.
  2583 | D:3      | Noticed Blork the orc
  2589 | D:3      | Killed Blork the orc
  2589 | D:3      | Gained mutation: You have a pair of horns on your head.
                  | [demonic ancestry]
  2589 | D:3      | Reached XP level 8. HP: 67/67 MP: 10/10
  2594 | D:3      | Found a shadowy altar of Dithmenos.
  2636 | D:3      | Found a shimmering blue altar of Sif Muna.
  3030 | D:4      | Reached skill level 5 in Fighting
  3049 | D:4      | Reached skill level 7 in Unarmed Combat
  3060 | D:4      | Noticed a queen bee
  3078 | D:4      | Killed a queen bee
  3081 | D:4      | Gained mutation: A demonic guardian rushes to your aid.
                  | [demonic ancestry]
  3081 | D:4      | Reached XP level 9. HP: 60/75 MP: 11/11
  3091 | D:4      | Identified the cursed +4 short sword "Owkul" {pierce, rN++,
                  | (Curse: *Slow)}
  3098 | D:4      | Reached skill level 5 in Dodging
  3207 | D:4      | Reached skill level 8 in Unarmed Combat
  3273 | D:4      | Found a shattered altar of Ashenzari.
  3350 | D:4      | Found a staircase to the Ecumenical Temple.
  3373 | Temple   | Entered the Ecumenical Temple
  3608 | D:4      | Found a blossoming altar of Fedhas.
  3645 | D:4      | Found Juzaczuh's Book Boutique.
  3662 | D:4      | Found a sacrificial altar of Ru.
  4085 | D:4      | Found an iron altar of Okawaru.
  4212 | D:4      | Reached skill level 9 in Unarmed Combat
  4240 | D:5      | Entered Level 5 of the Dungeon
  4264 | D:5      | Found Xigruaps's Antique Weapon Emporium.
  4306 | D:5      | Noticed an elephant
  4307 | D:5      | Found a staircase to the Lair.
  4307 | D:5      | Noticed Nergalle
  4321 | D:5      | Killed an elephant
  4321 | D:5      | Gained mutation: You are naturally skilled at Slings
                  | (Aptitude +3). [draconic bloodline]
  4321 | D:5      | Reached XP level 10. HP: 26/86 MP: 12/12
  4338 | D:5      | Killed Nergalle
  4399 | D:5      | Found a glowing golden altar of the Shining One.
  4686 | D:5      | Found a white marble altar of Elyvilon.
  4854 | D:5      | Found a bloodstained altar of Trog.
  4860 | D:5      | Reached skill level 10 in Unarmed Combat
  4937 | D:5      | Found an ornate altar of the Wu Jian Council.
  5178 | D:6      | Noticed a two-headed ogre
  5183 | D:6      | Killed a two-headed ogre
  5508 | D:6      | Reached XP level 11. HP: 71/97 MP: 13/13
  5553 | D:6      | Noticed Fannar
  5575 | D:6      | Killed Fannar
  5673 | D:6      | Found a hazy altar of Hepliaklqana.
  5676 | D:6      | Found a staircase to the Orcish Mines.
  5729 | D:6      | Noticed Urug
  5742 | D:6      | Killed Urug
  5917 | D:6      | Found a portal to a secret trove of treasure.
  6445 | Orc:1    | Entered Level 1 of the Orcish Mines
  6516 | Orc:2    | Entered Level 2 of the Orcish Mines
  6527 | Orc:2    | Reached skill level 11 in Unarmed Combat
  6819 | Orc:2    | Noticed an orc knight
  6989 | Orc:2    | Killed an orc knight
  7002 | Orc:2    | Reached skill level 10 in Fighting
  7122 | Orc:2    | Identified the amulet "Aluc" {RegenMP Str+4 Int-4}
  7123 | Orc:2    | Found a staircase to the Elven Halls.
  7127 | Orc:2    | Noticed an orc knight
  7138 | Orc:2    | Killed an orc knight
  7183 | Orc:2    | Noticed an orc knight
  7190 | Orc:2    | Killed an orc knight
  7197 | Orc:2    | Noticed an orc knight
  7197 | Orc:2    | Noticed an orc knight
  7198 | Orc:2    | Noticed an orc high priest
  7200 | Orc:2    | Noticed an orc high priest
  7202 | Orc:2    | Noticed an orc high priest
  7203 | Orc:2    | Noticed a soul eater
  7288 | Orc:2    | Killed an orc high priest
  7303 | Orc:2    | Killed from afar by an orc sorcerer

Levels and vault maps discovered:
D:1:      denvon_arrival_planthouse, layout_basic
D:2:      layout_sewer, lemuel_doored_altar, elyvilon_niche,
          chequers_ecumenical_altar_grove, serial_shops, shop,
          lightli_church_of_beogh
D:3:      layout_basic, overflow_temple_1_default, grunt_dithmenos_smoke,
          first_ration, minmay_a_box_with_orc_wizards_in_it, uniq_blork_the_orc
D:4:      layout_basic, kennysheep_mini, lemuel_crystal_altar,
          bcadren_lemuel_inverted_doored_altar, minmay_temple_entry_arrows,
          serial_shops, nicolae_shop_statue_plus, david_nohive_1,
          fedhas_altar_decomposition
D:5:      layout_loops_ring, marbit_many_paths, overflow_temple_1_default,
          overflow_temple_1_default, trog_ov_bears_minmay, david_lair_generic,
          serial_shops, shop, uniq_nergalle
D:6:      layout_layer_cave, overflow_temple_1_default, orc_0_dummy,
          trove_entry_hex_spiral, uniq_urug, uniq_fannar
D:7:      layout_roguey, erik_vaults_2, minmay_misc_feat_nine_boxes,
          uniq_jorgrun
Temple:   jpeg_temple_island
Orc:1:    layout_diamond_mine, ebering_ghost_reflecting_pool, minmay_orc_keep
Orc:2:    grunt_orc_tribal_feast, layout_diamond_mine

Skill      XL: |  1  2  3  4  5  6  7  8  9 10 11 |
---------------+----------------------------------+-----
Unarmed Combat | 2 3 4 5 6 7 9 10 11 | 11.7
Fighting       | 2 3 4 6 7 9 10 | 10.3
Dodging        | 3 4 5 6 7 |  7.7
Stealth        | |  1.3
Spellcasting   | |  1.3
Fire Magic     | |  1.5
Invocations    | |  3.0

Action                   |  1- 3 |  4- 6 |  7- 9 | 10-12 || total
-------------------------+-------+-------+-------+-------++-------
Melee: Unarmed           |    83 |   351 |   351 |   268 ||  1053
       Tailslap          |     7 |    13 |    15 |    15 ||    50
       Headbutt          |     2 |     8 |    16 |    16 ||    42
 Cast: Flame Tongue      |     5 |       |       |       ||     5
 Abil: Breathe Blast of  |       |       |       |     1 ||     1
Evoke: Wand              |       |       |       |     1 ||     1
  Use: Scroll            |       |       |     1 |     1 ||     2
       Potion            |       |       |       |     3 ||     3
 Stab: Sleeping          |       |       |     3 |     2 ||     5
       Distracted        |       |       |     1 |       ||     1
  Eat: Chunk             |       |     3 |     9 |     7 ||    19
       Ration            |       |       |       |     1 ||     1
Armor: Skin              |    15 |    42 |    46 |    29 ||   132
Dodge: Dodged            |    26 |   146 |    68 |    97 ||   337
